 Dungeon Crawl Stone Soup version 0.32-a0-666-ge8a88695a4 (webtiles) character file.

Game seed: 7998577631274693979

102 adelrune the Chopper (level 4, 0/37 HPs)
             Began as a Demonspawn Monk on Mar 9, 2024.
             Incinerated by a bombardier beetle (5 damage)
             ... with a burning spray
             ... on level 3 of the Dungeon.
             The game lasted 00:03:10 (1456 turns).

adelrune the Chopper (Demonspawn Monk)              Turns: 1456, Time: 00:03:11

Health: 0/37       AC:  9    Str: 14    XL:     4   Next: 49%
Magic:  4/4        EV: 12    Int: 10    God:
Gold:   108        SH:  0    Dex: 15    Spells: 3/3 levels left

rFire   . . .        a - +0 hand axe
rCold   . . .        d - orb {light}
rNeg    . . .        e - +0 chain mail
rPois   .            (no helmet)
rElec   .            (no cloak)
rCorr   .            (no gloves)
SInv    .            n - +0 pair of boots
Will    .....        (no amulet) Stlth
                     k - +5 ring of evasion
HPRegen 0.26/turn    (no ring)
MPRegen 0.09/turn

%: no passive effects
@: on fire, glowing
A: powered by pain 1
a: no special abilities


You were on level 3 of the Dungeon.
You visited 1 branch of the dungeon, and saw 3 of its levels.

You collected 108 gold pieces.

Inventory:

Hand Weapons
 a - a +0 hand axe (weapon)
Armour
 b - a +0 robe
 d - an orb of light (worn)
 e - a +0 chain mail (worn)
 n - a +0 pair of boots (worn)
Jewellery
 k - a +5 ring of evasion (left hand)
Scrolls
 f - 4 scrolls of identify {unknown}
 g - 2 scrolls of teleportation {unknown}
 h - a scroll of revelation {unknown}
 j - a scroll of blinking {unknown}
 o - 3 scrolls of immolation {unknown}
Potions
 c - a potion of ambrosia
 i - a potion of berserk rage {unknown}
 l - 2 potions of lignification {unknown}
 m - 2 potions of mutation {unknown}


   Skills:
 + Level 3.7 Fighting
 * Level 3.9 Axes
 + Level 1.6 Armour
 - Level 2.6 Dodging


You had 3 spell levels left.
You didn't know any spells.
Your spell library was empty.

Dungeon Overview and Level Annotations

Branches:
Dungeon (3/15)

Altars:


Innate Abilities, Weirdness & Mutations

You sometimes gain a little power by taking damage.


Message History

You feel stronger.
You hit the bombardier beetle.
The bombardier beetle is lightly wounded.
You hit the bombardier beetle but do no damage.
The bombardier beetle is lightly wounded.
The bombardier beetle barely misses you.
You hit the bombardier beetle but do no damage.
The bombardier beetle is lightly wounded.
The bombardier beetle closely misses you.
You hit the bombardier beetle.
The bombardier beetle is heavily wounded.
You hit the bombardier beetle.
The bombardier beetle is severely wounded.
The bombardier beetle sprays incendiary fluid at you.
The burning spray hits you.
You are covered in liquid fire!
You hit the bombardier beetle but do no damage.
The bombardier beetle is severely wounded.
The liquid fire burns you!
The bombardier beetle sprays incendiary fluid at you.
The burning spray hits you.
You are even more covered in liquid fire!
You completely miss the bombardier beetle.
The bombardier beetle is severely wounded.
The liquid fire burns you!
You hit the bombardier beetle.
The bombardier beetle is almost dead.
The liquid fire burns you!
The bombardier beetle bites you but does no damage.
You hit the bombardier beetle but do no damage.
The bombardier beetle is almost dead.
The liquid fire burns you!
The bombardier beetle barely misses you.
You hit the bombardier beetle.
You kill the bombardier beetle!
The liquid fire burns you!
* * * LOW HITPOINT WARNING * * *
You shake off some of the fire as you move.
The liquid fire burns you!
You die...

#.....#
#####.....#
#.........# #.
#......# .
#.##......# #
...##..#....#†#.#
#....).##..#<†.#
#####†.)####.###
#####.#@.!.....
...............
#####.#....#.###
#.#.####.# #.#.#
#.# #...# #.#
###.. ###


There were no monsters in sight!

Vanquished Creatures
  A bombardier beetle (D:3)
  An adder (D:2)
  3 dart slugs (D:1)
  2 endoplasms
  A giant cockroach (D:1)
  5 hobgoblins
  5 jackals (D:3)
  4 quokkas (D:1)
  2 ball pythons
  7 bats
  3 frilled lizards
  7 goblins
  8 kobolds
49 creatures vanquished.

Notes
Turn   | Place    | Note
-------+----------+-------------------------------------------
     0 | D:1      | adelrune the Demonspawn Monk began the quest for the Orb.
     0 | D:1      | Reached XP level 1. HP: 18/18 MP: 1/1
   159 | D:1      | Gained mutation: You sometimes gain a little power by
                  | taking damage. [demonic ancestry]
   159 | D:1      | Reached XP level 2. HP: 24/24 MP: 2/2
   344 | D:1      | Reached skill level 1 in Armour
   505 | D:1      | Reached XP level 3. HP: 29/29 MP: 3/3
  1444 | D:3      | Reached XP level 4. HP: 29/35 MP: 4/4
  1456 | D:3      | Incinerated by a bombardier beetle

Illustrated notes

Levels and vault maps discovered:
D:1:      mushboom_english_gardens, layout_basic, st_stairs_9
D:2:      layout_basic
D:3:      minmay_general_purpose_star, layout_basic, fedhas_altar_fruit_tree,
          mainiacjoe_sewer_entry_somewhere_in_here_2

Skill      XL: |  1  2 |
---------------+-------+-----
Axes           | 3 |  3.9
Armour         | 1 |  1.6
Fighting       | |  3.7
Dodging        | |  2.6

Action                     |  1- 3 |  4- 6 || total
---------------------------+-------+-------++-------
  Melee: Hand axe          |   130 |    10 ||   140
 Armour: Chain mail        |   112 |     1 ||   113
  Dodge: Dodged            |    69 |     3 ||    72

Table legend: (Time is in decaauts)
 A = Elapsed time spent in this place.
 B = Non-inter-level travel time spent in this place.
 C = Inter-level travel time spent in this place.
 D = Time resting spent in this place.
 E = Time spent auto-exploring this place.
 F = Levels seen in this place.
 G = Mean time per level.
                   A        B        C        D        E       F      G
               +--------+--------+--------+--------+--------+-----+--------+
         Total |   1475 |   1401 |     74 |      0 |   1100 |   3 |  491.7 |
       Dungeon |   1475 |   1401 |     74 |      0 |   1100 |   3 |  491.7 |
               +--------+--------+--------+--------+--------+-----+--------+

Top non-repeatable levels by time:
     D:1: 920 daAuts
     D:2: 515 daAuts
     D:3: 39 daAuts
